Map: Last Fantasy LE

Players

MarleyLynx - Winner!

  • Race: Protoss Protoss
  • League: Diamond
  • Spawn Location: 7:00

MKLOL

  • Race: Protoss Protoss
  • League: Diamond
  • Spawn Location: 3:00

VOD

Have the link to the VOD?

Description

Time

  • Played on: April 29, 2025, 6:50 p.m.
  • Length: 16:27
Show
View Real Time Build Order
Export as new Build Order

MarleyLynx Protoss - Winner!

Build Orders: Phoenix Opening, Archon Immortal 

Get SALT Encoding   

  12  0:00  Probe  
  13  0:12  Probe  
  14  0:19  Pylon  
  14  0:24  Probe  
  15  0:33  Probe  
  15  0:39  Gateway  
  15  0:42  Probe  
  16  0:43  Assimilator  
  17  0:52  Probe  
  18  1:00  Probe  
  19  1:05  Assimilator  
  19  1:08  Probe  
  19  1:18  Probe  
  20  1:22  Pylon  
  21  1:28  Cybernetics Core  
  21  1:30  Probe  
  22  1:42  Gateway, Probe  
  23  1:54  Stalker, Probe  
  24  2:05  Warp Gate  
  24  2:08  Probe  
  27  2:19  Stalker  
  27  2:26  Shield Battery  
  27  2:28  Pylon  
  29  2:30  Stargate, Stalker  
  31  2:48  Pylon  
  31  3:05  Phoenix  
  30  3:13  Stalker x2  
  30  3:18  Probe  
  37  3:29  Phoenix  
  37  3:31  Probe  
  39  3:57  Probe  
  39  4:01  Phoenix  
  42  4:04  Nexus  
  42  4:06  Pylon  
  42  4:09  Probe  
  43  4:18  Phoenix  
  43  4:21  Probe  
  46  4:33  Robotics Facility, Probe  
  46  4:37  Gateway  
  47  4:47  Phoenix  
  47  4:49  Probe  
  50  5:01  Probe  
  49  5:11  Phoenix  
  49  5:13  Immortal, Probe  
  52  5:25  Probe x2  
  58  5:37  Probe  
  58  5:38  Probe  
  60  5:48  Pylon, Immortal  
  61  5:50  Probe x2  
  61  5:55  Twilight Council  
  66  6:02  Probe  
  67  6:07  Pylon  
  67  6:09  Probe  
  68  6:18  Probe  
  69  6:22  Observer, Assimilator  
  69  6:23  Assimilator  
  69  6:24  Charge  
  69  6:31  Probe  
  72  6:32  Probe  
  72  6:37  Pylon  
  72  6:42  Immortal  
  72  6:46  Zealot x3  
  82  6:47  Probe x2  
  84  6:55  Forge  
  84  6:59  Probe  
  84  7:00  Gateway  
  85  7:01  Gateway  
  85  7:09  Immortal  
  85  7:10  Gateway  
  85  7:12  Pylon  
  85  7:15  Probe  
  85  7:16  Probe  
  85  7:19  Protoss Ground Weapons Level 1  
  89  7:28  Probe  
  90  7:39  Zealot  
  90  7:40  Zealot x2  
  90  7:41  Immortal  
  100  7:53  Templar Archives  
  100  8:14  Nexus  
  100  8:19  Pylon  
  100  8:23  Photon Cannon  
  100  8:32  Pylon  
  100  8:34  Pylon  
  100  8:35  High Templar  
  100  8:37  High Templar x3  
  100  8:39  Zealot  
  100  8:40  Immortal  
  110  8:42  Archon  
  110  8:43  Archon  
  110  8:44  Blink  
  110  8:51  Pylon  
  114  9:00  Zealot x2  
  118  9:10  Zealot x3  
  124  9:21  High Templar x2  
  128  9:25  Photon Cannon  
  128  9:26  Archon  
  128  9:33  Zealot x4  
  136  9:41  Probe x2  
  136  9:45  Protoss Ground Weapons Level 2, Assimilator  
  138  9:48  Pylon  
  138  9:50  Assimilator  
  138  9:52  Pylon  
  138  9:57  High Templar x2  
  138  9:58  Pylon  
  138  9:59  Probe x3  
  145  10:01  Archon  
  145  10:07  Immortal  
  145  10:11  Probe x2  
  145  10:12  Probe  
  152  10:28  Probe x2  
  154  10:29  Robotics Facility  
  154  10:40  High Templar x2, Probe  
  154  10:41  Zealot x3, Probe  
  166  10:43  Zealot  
  166  10:44  Archon  
  166  11:01  Gateway  
  166  11:03  Immortal  
  152  11:04  Gateway  
  152  11:05  High Templar  
  152  11:06  High Templar, Zealot  
  152  11:09  Pylon  
  152  11:10  Archon  
  142  11:12  Zealot x2  
  140  11:22  High Templar  
  140  11:23  Immortal  
  142  11:26  High Templar  
  142  11:31  Archon  
  144  11:34  Immortal, Zealot x2  
  144  11:38  Zealot x2  
  160  11:51  Photon Cannon  
  160  12:00  High Templar x2  
  164  12:02  Zealot x5  
  164  12:03  Zealot  
  164  12:04  Archon  
  164  12:06  Pylon  
  176  12:09  Photon Cannon  
  176  12:10  Photon Cannon  
  176  12:22  Zealot x3  
  179  12:25  High Templar  
  179  12:26  High Templar  
  179  12:29  Archon  
  185  12:33  High Templar x2  
  185  12:35  Protoss Ground Weapons Level 3  
  189  12:37  Pylon  
  189  12:38  Archon  
  189  12:41  Photon Cannon  
  189  12:43  Photon Cannon  
  189  13:06  Photon Cannon  
  189  13:09  Pylon, Photon Cannon  
  189  13:15  Nexus  
  188  13:34  Immortal  
  188  13:35  Immortal  
  188  13:39  Zealot x3  
  200  13:42  Pylon  
  189  14:09  Zealot x5  
  177  14:10  Zealot x3  
  177  14:15  Nexus  
  179  14:25  Pylon, Probe  
  179  14:26  Probe  
  179  14:27  Assimilator  
  179  14:29  High Templar  
  179  14:30  High Templar x4  
  179  14:31  High Templar x3  
  193  14:32  Assimilator  
  193  14:33  Archon  
  193  14:34  Archon  
  193  14:35  Archon x2  
  148  15:14  Zealot x6  
  144  15:15  Zealot x2  
  144  15:16  Observer x2  
  160  15:22  Immortal x2  
  160  15:26  Nexus  
  160  15:31  Photon Cannon x2  
  168  15:38  High Templar x2  
  168  15:39  High Templar x2  
  168  15:40  High Templar  
  168  15:41  High Templar  
  168  15:42  Archon  
  180  15:43  Archon  
  180  15:45  Archon  
  180  15:48  Pylon  
  180  15:49  Photon Cannon  
  180  15:55  Observer x2  
  180  15:58  Zealot x2  
  178  16:13  Photon Cannon  
  178  16:17  Zealot x3  
Show
View Real Time Build Order
Export as new Build Order

MKLOL Protoss 

Build Orders:  

Get SALT Encoding   

  12  0:00  Probe  
  13  0:12  Probe  
  14  0:18  Pylon  
  14  0:24  Probe  
  15  0:36  Probe  
  15  0:38  Gateway  
  16  0:45  Probe  
  16  0:49  Assimilator  
  17  0:53  Assimilator, Probe  
  17  1:03  Probe  
  19  1:14  Probe  
  19  1:15  Gateway  
  20  1:23  Probe  
  20  1:27  Cybernetics Core  
  20  1:31  Probe  
  22  1:40  Pylon  
  22  1:42  Probe  
  23  1:58  Probe  
  24  2:04  Adept x2  
  24  2:06  Warp Gate  
  28  2:10  Probe  
  29  2:19  Pylon  
  29  2:20  Pylon  
  29  2:34  Stalker, Probe  
  29  2:35  Stalker  
  34  2:46  Probe  
  35  2:58  Probe  
  35  3:05  Stalker  
  36  3:10  Probe  
  39  3:21  Pylon  
  39  3:35  Nexus  
  39  3:36  Stalker  
  39  3:39  Probe  
  38  4:03  Stalker, Shield Battery  
  38  4:04  Twilight Council  
  38  4:07  Shield Battery  
  38  4:08  Shield Battery  
  40  4:15  Stalker  
  42  4:25  Gateway  
  42  4:29  Sentry  
  44  4:35  Gateway  
  44  4:41  Pylon  
  44  4:43  Blink  
  44  4:47  Stalker, Probe  
  44  4:49  Probe  
  47  5:05  Probe  
  47  5:06  Stalker  
  48  5:11  Probe  
  49  5:25  Stalker x2  
  53  5:41  Stalker  
  53  5:42  Stalker  
  55  5:44  Probe x2  
  57  5:50  Stalker x2  
  57  5:52  Probe  
  62  6:00  Probe  
  62  6:01  Pylon  
  62  6:02  Probe  
  64  6:12  Probe  
  64  6:15  Pylon  
  65  6:18  Stalker  
  65  6:20  Probe  
  68  6:26  Probe  
  68  6:28  Stalker x2  
  73  6:34  Stalker  
  72  6:47  Probe  
  72  6:52  Charge  
  72  6:53  Probe  
  74  6:55  Probe  
  74  7:00  Nexus  
  75  7:01  Pylon  
  75  7:05  Assimilator, Probe  
  76  7:10  Stalker  
  76  7:15  Probe  
  79  7:17  Probe  
  78  7:27  Probe  
  78  7:29  Stalker  
  82  7:30  Probe  
  82  7:31  Stalker  
  82  7:36  Stalker  
  86  7:39  Probe  
  86  7:43  Probe  
  88  7:51  Stalker  
  90  7:52  Stalker  
  90  7:53  Probe  
  90  7:55  Probe  
  94  8:02  Pylon  
  94  8:05  Pylon  
  94  8:12  Probe x3  
  97  8:13  Zealot x2  
  101  8:22  Robotics Facility  
  101  8:24  Probe  
  101  8:25  Zealot x2  
  106  8:38  Zealot x2  
  110  8:46  Gateway  
  110  8:47  Gateway  
  110  8:48  Gateway, Probe  
  110  8:55  Zealot x2, Probe x2  
  117  9:06  Pylon  
  117  9:08  Observer  
  118  9:18  Forge, Pylon, Zealot  
  118  9:19  Zealot x2  
  124  9:26  Templar Archives  
  124  9:28  Probe  
  124  9:29  Probe x2  
  127  9:35  Protoss Ground Weapons Level 1  
  127  9:37  Zealot  
  129  9:40  Probe  
  129  9:44  Pylon  
  130  9:46  Pylon  
  130  9:49  Pylon  
  130  9:51  Pylon  
  130  9:56  Assimilator  
  130  9:58  Photon Cannon  
  130  10:00  Assimilator  
  130  10:09  High Templar x5  
  130  10:10  High Templar  
  130  10:13  Archon x2  
  142  10:14  Archon  
  142  10:19  Zealot  
  144  10:24  Photon Cannon  
  144  10:26  Photon Cannon, Shield Battery  
  144  10:27  Shield Battery  
  144  10:30  Photon Cannon  
  144  10:31  Photon Cannon  
  143  10:50  High Templar x2  
  143  10:51  Zealot x5  
  143  10:54  Archon  
  106  11:15  Zealot x5  
  112  11:22  High Templar x2  
  116  11:26  Archon  
  116  11:33  Gateway  
  116  11:37  High Templar x2  
  120  11:41  Archon  
  120  11:44  High Templar  
  120  11:45  Zealot x2  
  126  11:51  Nexus  
  126  11:55  Pylon  
  126  11:56  Zealot x2  
  130  12:06  Zealot x2  
  134  12:10  Zealot x2  
  138  12:15  Gateway x2  
  138  12:20  Photon Cannon  
  138  12:21  Protoss Ground Weapons Level 2  
  138  12:30  Probe x3  
  138  12:31  High Templar x4  
  138  12:35  Archon x2  
  149  12:53  Zealot  
  149  12:54  Zealot x3  
  157  13:04  High Templar x2  
  161  13:08  Archon  
  161  13:09  Zealot x2  
  165  13:30  Zealot x8  
  181  13:40  High Templar  
  181  13:41  High Templar  
  181  13:45  Archon, Nexus  
  181  13:47  Pylon  
  181  13:52  Zealot x6  
  187  13:59  Zealot x2  
  127  14:18  Stalker x3  
  127  14:19  Stalker x3  
  133  14:35  Probe  
  133  14:36  Probe x3  
  133  14:37  Stalker x4  
  145  14:52  Zealot x4  
  139  14:58  Zealot x2  
  84  15:13  Zealot x8  
  92  15:19  Probe  
  92  15:20  Probe x2  
  88  15:21  Zealot  
  88  15:24  Probe  
  91  15:30  Probe  
  91  15:31  High Templar, Probe  
  91  15:32  Probe  
  91  15:33  High Templar x4  
  104  15:43  Archon  
  104  15:45  Archon  
  104  15:47  Stalker x3  
  110  15:53  Zealot  
  110  15:54  Zealot  
  114  16:09  Zealot x5  
  114  16:10  Zealot  
  109  16:16  Zealot x3  
Tags
 
Add a new tag
Caveats
  • Supply blocks, unpowered buildings, or Contaminate may cause inaccurate times.
  • Supply counts are checked every 10 seconds.